 Dungeon Sprint DCSS version 0.30.1-4-g462c640d31 (webtiles) character file.

Game seed: 9960288712178674464

107 Heoruswealwe the Cleaver (level 4, -3/44 HPs)
             Began as a Hill Orc Fighter on Aug 23, 2023.
             Slain by Sigmund
             ... wielding a +3 vampiric scythe
              (4 damage)
             ... in the Dungeon (Sprint I: "Red Sonja").
             The game lasted 00:02:24 (146 turns).

Heoruswealwe the Cleaver (Hill Orc Fighter)          Turns: 146, Time: 00:02:25

Health: -3/44      AC:  7    Str: 20    XL:     4   Next: 85%
Magic:  7/7        EV:  9    Int:  8    God:
Gold:   108        SH:  4    Dex: 10    Spells: 3/3 levels left

rFire   . . .        a - +0 war axe
rCold   . . .        d - +0 buckler
rNeg    . . .        c - +0 scale mail
rPois   .            (no helmet)
rElec   .            (no cloak)
rCorr   .            (no gloves)
SInv    .            (no boots)
Will    .....        (no amulet) Stlth
                     (no ring)
HPRegen 0.27/turn    (no ring)
MPRegen 0.10/turn

%: no teleportation
@: no status effects
A: no striking features
a: no special abilities


You were in the Dungeon.
You visited 1 branch You collected 108 gold pieces.

Inventory:

Hand Weapons
 a - a +0 war axe (weapon)
Armour
 c - a +0 scale mail (worn)
 d - a +0 buckler (worn)
Wands
 k - a wand of digging (5)
Scrolls
 j - a scroll of blinking
Potions
 b - a potion of might
 g - a potion of haste


   Skills:
 + Level 6.0 Fighting
 * Level 8.0 Axes
 + Level 5.5 Armour
 - Level 3.2 Shields
 + Level 5.1 Invocations


You had 3 spell levels left.
You didn't know any spells.
Your spell library was empty.

Dungeon Overview and Level Annotations

Branches:
Dungeon (1/1)

Altars:

Annotations:
D Sigmund


Message History

You closely miss something. You block something's attack.
You barely miss something. Something hits you!
You closely miss something. You miss something. Something hits you.
You barely miss something. You block something's attack.
You hit something. Something hits you but does no damage.
You miss something. You closely miss something. Something hits you.
You hit something. Something hits you.
You miss something. Something hits you!
* * * LOW HITPOINT WARNING * * *
You feel much better.
You miss something. Something hits you!
You miss something. Something hits you but does no damage.
You miss something. Something hits you.
You slash something! You miss something. Something hits you!
You miss something.
You hear some strange, mumbled words.
A magic dart appears from out of thin air!
The magic dart hits you!
* * * LOW HITPOINT WARNING * * *
You feel better.
You hear some strange, mumbled words.
You are confused.
You barely miss something.
You hear some strange, mumbled words.
Something tries to affect you, but you resist.
You closely miss something. Something hits you.
You bump into the rock wall.
Something hits you!
* * * LOW HITPOINT WARNING * * *
You slash something! Something hits you.
* * * LOW HITPOINT WARNING * * *
You're too confused to move!
You feel less confused. Something hits you.
* * * LOW HITPOINT WARNING * * *
You barely miss something. You barely miss something. Something hits you.
You die...

#############
#<.#!.)..#@{+
#..)..#..'..#
#..#####'####
#..# #..#
#..# ####
#..# #⌠⌠#
##.# #..#


There were no monsters in sight!

Vanquished Creatures
  An ogre (D)
  Ijyb (D)
2 creatures vanquished.

Notes
Turn   | Place    | Note
-------+----------+-------------------------------------------
     0 | D        | Heoruswealwe the Hill Orc Fighter began the quest for the
                  | Orb.
     0 | D        | Reached XP level 1. HP: 19/19 MP: 1/1
     1 | D        | Noticed Ijyb
     9 | D        | Killed Ijyb
    10 | D        | Reached skill level 5 in Axes
    10 | D        | Reached XP level 2. HP: 14/28 MP: 2/4
    66 | D        | Noticed an ogre
    69 | D        | Killed an ogre
    70 | D        | Reached skill level 8 in Axes
    70 | D        | Reached skill level 5 in Armour
    70 | D        | Reached skill level 5 in Invocations
    70 | D        | Reached XP level 3. HP: 36/37 MP: 4/6
    70 | D        | Reached XP level 4. HP: 44/44 MP: 4/7
   114 | D        | Noticed Sigmund
   144 | D        | HP: 1/44 [something (6)]
   146 | D        | Slain by Sigmund

Illustrated notes

Levels and vault maps discovered:
D:        dungeon_sprint_1 [red_sonja_temple_1, red_sonja_temple_small_1]

Skill      XL: |  1  2 |
---------------+-------+-----
Fighting       | 4 6 |  6.0
Axes           | 5 8 |  8.0
Armour         | 4 5 |  5.5
Invocations    | 2 5 |  5.1
Shields        | |  3.2

Action                     |  1- 3 |  4- 6 || total
---------------------------+-------+-------++-------
  Melee: War axe           |     9 |    25 ||    34
  Evoke: Wand              |     1 |       ||     1
    Use: Potion            |     1 |     2 ||     3
 Armour: Scale mail        |     1 |     2 ||     3
  Dodge: Dodged            |     2 |       ||     2
  Block: Buckler           |     1 |     2 ||     3
